 Dungeon Crawl Stone Soup version 0.25-a0-161-gb7fd73da8f (webtiles) character file.

Game seed: 7499696394998234683, levelgen mode: deterministic

128 Leeroy the Slasher (level 4, -1/36 HPs)
             Began as a Draconian Skald on Nov 21, 2019.
             Killed from afar by an orc wizard (3 damage)
             ... with a magic dart
             ... on level 4 of the Dungeon.
             The game lasted 00:03:59 (1937 turns).

Leeroy the Slasher (Draconian Skald)                Turns: 1937, Time: 00:04:00

Health: -1/36      AC:  6    Str: 13    XL:     4   Next: 86%
Magic:  3/7        EV: 12    Int: 14    God:
Gold:   193        SH:  0    Dex: 11    Spells: 1/7 levels left

rFire    . . .     SeeInvis .   a - +0 falchion
rCold    . . .     Gourm    .   (no shield)
rNeg     . . .     Faith    .   (armour unavailable)
rPois    .         Spirit   .   (helmet restricted)
rElec    .         Reflect  .   (no cloak)
rCorr    .         Harm     .   p - +0 pair of gloves
MR       .....                  (no boots)
Stlth    +.........             (no amulet)
HPRegen  0.12/turn              (no ring)
MPRegen  0.10/turn              (no ring)

@: no status effects
A: unfitting armour, cold-blooded, AC +5
a: no special abilities


You were on level 4 of the Dungeon.
You were hungry.

You visited 1 branch of the dungeon, and saw 4 of its levels.

You collected 193 gold pieces.

Inventory:

Hand Weapons
 a - a +0 falchion (weapon)
Missiles
 g - 14 poisoned darts (quivered)
Armour
 p - a +0 pair of gloves (worn)
Magical Staves
 t - an uncursed staff of death
Jewellery
 s - an uncursed ring of stealth {unknown}
Scrolls
 e - 11 scrolls of identify {unknown}
 f - 2 scrolls of enchant weapon {unknown}
 j - 2 scrolls of amnesia {unknown}
 l - 2 scrolls of blinking {unknown}
 r - a scroll of remove curse {unknown}
Potions
 b - 2 potions of curing {unknown}
 d - 3 potions of heal wounds {unknown}
 h - a potion of haste {unknown}
 i - a potion of might {unknown}
 k - a potion of berserk rage {unknown}
 m - a potion of brilliance {unknown}
 n - a potion of resistance {unknown}
 o - 2 potions of flight {unknown}
Comestibles
 c - 8 rations
 q - a chunk of flesh


   Skills:
 - Level 2.1 Fighting
 + Level 5.1 Long Blades
 - Level 2.1 Dodging
 - Level 2.0 Spellcasting
 - Level 0.1 Hexes
 - Level 2.6 Charms


You had one spell level left.
You knew the following spells:

 Your Spells              Type           Power        Failure   Level  Hunger
a - Infusion              Chrm           #...         8%          1    ##.....
b - Spectral Weapon       Hex/Chrm       #.......     38%         3    ####...
c - Shroud of Golubria    Chrm/Tloc      #.....       21%         2    ###....

Your spell library contained the following spells:

 Spells                   Type           Power        Failure   Level  Hunger
 Song of Slaying          Chrm           #.......     12%         2    ###....
 Regeneration             Chrm/Necr      #.........   38%         3    ####...


Dungeon Overview and Level Annotations

Branches:
Dungeon (4/15)
 Temple: D:4-7

Altars:
Fedhas
Wu Jian

Annotations:
D:3 Grinder


Innate Abilities, Weirdness & Mutations

Your plain brown scales are hard. (AC +5)
You cannot fit into any form of body armour.
You are cold-blooded and may be slowed by cold attacks.


Message History

The orc hits you but does no damage.
You hit the orc.
You kill the orc!
The orc wizard misses you.
The orc wizard hits you with a +0 dagger.
* * * LOW HITPOINT WARNING * * *
Your shroud falls apart!
Items here: )) ††† a +0 mace; a +0 flail; an orc corpse x3
You barely miss the orc wizard.
Your tail-slap misses the orc wizard.
The orc wizard is moderately wounded.
The orc wizard hits you but does no damage.
You hit the orc wizard.
The orc wizard is heavily wounded.
The orc wizard casts a spell at you. The magic dart hits you.
* * * LOW HITPOINT WARNING * * *
The orc wizard casts a spell at you. The magic dart hits you.
You die...

#########
........# #
........######....
.......<@o.....#
........########
#####.### #. #


You could see an orc wizard.

Vanquished Creatures
  An orc priest (D:3)
  A hound (D:4)
  An adder (D:2)
  A dart slug (D:1)
  3 leopard geckos
  7 orcs
  5 bats
  3 giant cockroaches
  4 goblins
  2 hobgoblins (D:1)
  12 kobolds
  A ball python (D:1)
  A frilled lizard (D:3)
  8 rats
50 creatures vanquished.

Notes
Turn   | Place    | Note
-------+----------+-------------------------------------------
     0 | D:1      | Leeroy the Draconian Skald began the quest for the Orb.
     0 | D:1      | Reached XP level 1. HP: 17/17 MP: 3/3
    58 | D:1      | Reached XP level 2. HP: 15/24 MP: 5/5
   106 | D:1      | Reached skill level 3 in Long Blades
   350 | D:1      | Reached XP level 3. HP: 21/29 MP: 6/6
   736 | D:2      | Learned a level 3 spell: Spectral Weapon
   739 | D:2      | Learned a level 2 spell: Shroud of Golubria
   977 | D:2      | Found an ornate altar of the Wu Jian Council.
   994 | D:2      | Reached skill level 4 in Long Blades
  1058 | D:2      | Found a blossoming altar of Fedhas.
  1528 | D:3      | Reached XP level 4. HP: 36/36 MP: 3/7
  1701 | D:3      | Noticed Grinder
  1793 | D:3      | Found a blossoming altar of Fedhas.
  1929 | D:4      | Reached skill level 5 in Long Blades
  1937 | D:4      | Killed from afar by an orc wizard

Levels and vault maps discovered:
D:1:      minmay_arrival_checkered_box, layout_loops_ring, kennysheep_boxes
D:2:      layout_basic, overflow_temple_1_default, lemuel_round_altar
D:3:      layout_rooms, fedhas_altar_2, uniq_grinder
D:4:      layout_rooms, chequers_temple_overflow_statue_of_worship,
          minmay_stone_trees_small, nrook_loot_triangle

Skill      XL: |  1  2  3  4 |
---------------+-------------+-----
Long Blades    | 3 4 5 |  5.1
Fighting       | |  2.1
Dodging        | |  2.1
Spellcasting   | |  2.0
Hexes          | |  0.1
Charms         | |  2.6

Action                   |  1- 3 |  4- 6 || total
-------------------------+-------+-------++-------
Melee: Falchion          |    86 |    53 ||   139
       Tailslap          |     9 |     5 ||    14
 Cast: Infusion          |     1 |       ||     1
       Spectral Weapon   |     1 |       ||     1
       Shroud of Golubri |       |     3 ||     3
  Eat: Chunk             |       |     3 ||     3
Armor: Skin              |    32 |    15 ||    47
Dodge: Dodged            |    55 |    31 ||    86
       Rpst.: Falchion   |    14 |    12 ||    26

Table legend:
 A = Non-vault XP
 B = Vault XP
 C = Vault XP percentage of total XP
 D = Non-vault monster count
 E = Vault monster count
 F = Vault count percentage of total count
                 A         B        C        D         E       F
            +---------+---------+-------+---------+---------+-------
      Total |     183 |       0 |   0.0 |      50 |       0 |   0.0
            +---------+---------+-------+---------+---------+-------
        D:1 |      42 |       0 |   0.0 |      25 |       0 |   0.0
        D:2 |      27 |       0 |   0.0 |       9 |       0 |   0.0
        D:3 |      62 |       0 |   0.0 |      11 |       0 |   0.0
        D:4 |      52 |       0 |   0.0 |       5 |       0 |   0.0
            +---------+---------+-------+---------+---------+-------
